cohdb
Replays
Latest Replays
All Replays
Popular Replays
Top Player Replays
Match Explorer
How It Works
Community
CoH3 Stats
Reddit
Sign in to upload your games and track your stats! →
Sign in with Steam
Match 42554610
Unlisted
Match 42554610
Overview
Messages
Build Orders
End
Construct Infanterie Kompanie
Selects Terror Battlegroup
Kettenkrad Recon Vehicle
MG 42 Machine Gun Team
Selects Machine Gun Camouflage
Grenadier Squad
MG 42 Machine Gun Team
Construct Luftwaffe Kompanie
Jäger Squad
Support Elements
Wirbelwind Flakpanzer
Jäger Squad
Selects Defend the Fatherland
Marder III M Tank Destroyer
Jäger Squad
Selects Contempt for the Weak
Marder III M Tank Destroyer
Luftwaffe Officer Quarters
Jäger Squad
Selects Jericho Trumpet
Jericho Trumpet
Construct Panzer Kompanie
Selects V1 Rocket Strike
Jäger Squad
Stoßtruppen Squad
Marder III M Tank Destroyer
Jericho Trumpet
R.U.C
Team saupiquet
anethma
SerikaOnoe
0
0
Comments
sign in to comment!
No comments posted yet!